Map: Lost and Found LE

Players

Optimus

  • Race: Terran Terran
  • League: Master
  • Spawn Location: 7:00

Namshar - Winner!

  • Race: Zerg Zerg
  • League: Grandmaster
  • Spawn Location: 1:00

Event: HomeStory Cup XVII

VOD

Have the link to the VOD?

Description

Time

  • Played on: June 28, 2018, 7:04 p.m.
  • Length: 4:05

All games in this series

Show
View Real Time Build Order
Export as new Build Order

Optimus Terran 

Build Orders:  

Get SALT Encoding   

  12  0:00  SCV  
  13  0:12  SCV  
  14  0:20  Supply Depot  
  14  0:25  SCV  
  15  0:42  Barracks  
  15  0:52  Barracks  
  15  1:05  Barracks  
  15  1:10  SCV  
  16  1:29  Orbital Command, Marine  
  17  1:39  Marine  
  18  1:47  Marine  
  18  1:50  Bunker  
  19  1:56  Marine  
  19  1:57  Bunker, Marine  
  21  2:05  Marine  
  21  2:06  Supply Depot  
  22  2:13  Bunker  
  22  2:18  Marine  
  22  2:22  Marine  
  23  2:27  Marine  
  24  2:36  Marine  
  24  2:39  Marine  
  24  2:43  SCV  
  26  2:45  Marine  
  27  2:53  Bunker  
  27  2:54  Marine  
  28  3:01  Marine  
  28  3:03  Marine  
  30  3:06  Bunker  
  30  3:08  Supply Depot  
  30  3:12  Marine  
  31  3:29  Supply Depot, Marine x2  
  31  3:30  Supply Depot, Marine, SCV  
  35  3:42  SCV  
Show
View Real Time Build Order
Export as new Build Order

Namshar Zerg - Winner!

Build Orders: Pool First 

Get SALT Encoding   

  12  0:00  Drone  
  13  0:12  Overlord  
  13  0:17  Drone  
  14  0:31  Drone x2  
  14  0:35  Drone  
  17  0:45  Spawning Pool  
  17  0:47  Drone  
  17  1:07  Hatchery  
  16  1:12  Extractor  
  16  1:13  Drone  
  16  1:31  Zergling x6  
  16  1:32  Queen  
  21  1:42  Overlord  
  21  2:00  Spine Crawler  
  20  2:07  Queen  
  22  2:10  Zergling x4  
  24  2:21  Zergling x4  
  25  2:28  Zergling x2  
  25  2:38  Zergling x4  
  27  2:48  Queen  
  27  2:55  Queen  
  25  3:02  Spine Crawler  
  25  3:03  Spine Crawler  
  23  3:08  Drone x3  
  26  3:16  Overlord  
  26  3:21  Drone  
  27  3:29  Overlord  
  27  3:45  Zergling x6  
Tags
 
Add a new tag
Caveats
  • Supply blocks, unpowered buildings, or Contaminate may cause inaccurate times.
  • Supply counts are checked every 10 seconds.